cohdb
Replays
Latest Replays
All Replays
Popular Replays
Top Player Replays
Match Explorer
How It Works
Community
CoH3 Stats
Reddit
Sign in to upload your games and track your stats! →
Sign in with Steam
Match 42907508
Unlisted
Match 42907508
Overview
Messages
Build Orders
End
Panzergrenadier Squad
Panzergrenadier Squad
Panzergrenadier Squad
Construct Light Support Kompanie
Construct Mechanized Kompanie
254 Reconnaissance Tractor
Selects Panzerjäger Kommand Battlegroup
Selects Tank Busters
Selects Mine Fields
Assault Mechanized Group
Selects Crew Shock Tactics
Veteran Squad Leaders
Panzerjäger Squad
Construct Panzerarmee Kommand
MG34 Team
Walking Stuka Rocket Launcher
Vehicle Survival Package
Flak 36 Anti-tank Gun Team
Walking Stuka Rocket Launcher
Walking Stuka Rocket Launcher
Emergency Repair Kits
Selects Elefant Tank Destroyer
Astartes_XVI_Legion
Frontline Commander
Sunwheel⊕
i love you
Kaesar
JDASCWQAD
cc<
Abeli
0
0
Comments
sign in to comment!
No comments posted yet!